 Dungeon Crawl Stone Soup version 0.30-a0-476-g330ca2eb8e (webtiles) character file.

Game seed: 953109460307275328

1919846 ma3 the Slayer (level 26, 264/264 HPs)
             Began as a Minotaur Fighter on Dec 21, 2022.
             Was the Champion of the Shining One.
             Escaped with the Orb
             ... and 3 runes!
             The game lasted 01:59:16 (52885 turns).

ma3 the Slayer (Minotaur Fighter)                  Turns: 52885, Time: 01:59:17

Health: 264/264    AC: 50    Str: 38    XL:     26   Next: 35%
Magic:  36/36      EV: 12    Int:  7    God:    the Shining One [******]
Gold:   4505       SH: 24    Dex: 12    Spells: 25/25 levels left

rFire   + + +      SeeInvis .    a - +9 broad axe (holy)
rCold   + . .      Faith    .    R - +2 kite shield {AC+3}
rNeg    + + +      Spirit   .    I - +12 gold dragon scales
rPois   +          Reflect  +    Z - +2 hat {Will+}
rElec   +          Harm     .    N - scarf {rC+ rF+}
rCorr   .          Rampage  .    F - +2 pair of gloves {Str+3}
Will    +++..                    Y - +0 pair of boots
Stlth   ..........               b - amulet of reflection
HPRegen 1.44/turn                l - ring "Uphab" {rPois rF+ Will+}
MPRegen 0.25/turn                U - ring "Zoelelen" {rElec rC- Str+6 Int+2}

@: glowing, studying 2 skills
A: horns 2, retaliatory headbutt, claws 1, iridescent scales 1, clumsy 1,
regeneration 1
0: Orb of Zot
}: 3/15 runes: barnacled, silver, gossamer
a: Renounce Religion, Divine Shield, Cleansing Flame, Summon Divine Warrior


You escaped.
You worshipped the Shining One.
The Shining One was exalted by your worship.
You visited 11 branches of the dungeon, and saw 51 of its levels.
You also visited: Desolation.

You collected 9331 gold pieces.
You spent 4826 gold pieces at shops.

Inventory:

Hand Weapons
 a - a +9 broad axe of holy wrath (weapon)
 e - the +4 broad axe of Fewaudon {holy, Str+3 Int+4}
   (You acquired it on level 13 of the Dungeon)

   It has been blessed by the Shining One to cause great damage to the undead
   and demons.
   Str:       It affects your strength (+3).
   Int:       It affects your intelligence (+4).
 K - the +12 executioner's axe of the Healing Augurer {freeze, MP-9 SInv Stlth+}
   (You took it off an orc knight on level 5 of the Vaults)

   It freezes those it strikes, dealing additional cold damage.
   It can also slow down cold-blooded creatures.
   MP:        It affects your magic capacity (-9).
   SInv:      It lets you see invisible.
   Stlth:     It makes you more stealthy.
Missiles
 u - 8 silver javelins (quivered)
Armour
 o - the +6 shadow dragon scales "Loroapos" {Regen+ rCorr Stlth++++}
   (You bought it in a shop on level 2 of the Orcish Mines)

   Regen:     It increases your rate of health regeneration.
   rCorr:     It protects you from acid and corrosion.
   Stlth:     It makes you much more stealthy.
 F - a +2 pair of gloves of strength (worn)
 I - +12 gold dragon scales (worn)
 N - a scarf of resistance (worn)
 R - a +2 kite shield of protection (worn)
 Y - a +0 pair of boots (worn)
 Z - a +2 hat of willpower (worn)
Jewellery
 b - an amulet of reflection (around neck)
 d - the ring "Uxienul" {rCorr Str+6 Stlth+}
   (You found it in the Desolation of Salt)

   [ring of strength]

   Str:       It affects your strength (+6).
   rCorr:     It protects you from acid and corrosion.
   Stlth:     It makes you more stealthy.
 f - the amulet of Arrival {Reflect -Tele Regen+ SH+5 Stlth+}
   (You found it in the Desolation of Salt)

   [amulet of reflection]

   It reflects blocked missile attacks.
   -Tele:     It prevents most forms of teleportation.
   Regen:     It increases your rate of health regeneration.
   SH:        It affects your SH (+5).
   Stlth:     It makes you more stealthy.
 l - the ring "Uphab" (left hand) {rPois rF+ Will+}
   (You found it on level 1 of the Elven Halls)

   [ring of protection from fire]

   rF:        It protects you from fire.
   rPois:     It protects you from poison.
   Will:      It increases your willpower.
 w - the amulet "Ogaucear" {RegenMP rElec Str+2 Int+3}
   (You found it on level 4 of the Vaults)

   [amulet of magic regeneration]

   It increases your rate of magic regeneration.
   Str:       It affects your strength (+2).
   Int:       It affects your intelligence (+3).
   rElec:     It insulates you from electricity.
 U - the ring "Zoelelen" (right hand) {rElec rC- Str+6 Int+2}
   (You took it off a tengu reaver on level 5 of the Vaults)

   [ring of strength]

   Str:       It affects your strength (+6).
   Int:       It affects your intelligence (+2).
   rC:        It makes you vulnerable to cold.
   rElec:     It insulates you from electricity.
Wands
 p - a wand of polymorph (4)
 r - a wand of digging (27)
 G - a wand of roots (29)
 O - a wand of mindburst (26)
 S - a wand of flame (10)
 W - a wand of paralysis (5)
Scrolls
 c - 7 scrolls of enchant weapon
 j - 10 scrolls of amnesia
 q - a scroll of silence
 t - 7 scrolls of fog
 z - 8 scrolls of fear
 A - 16 scrolls of teleportation
 J - 5 scrolls of blinking
 M - 2 scrolls of magic mapping
 V - 2 scrolls of poison
 X - 5 scrolls of butterflies
Potions
 g - 5 potions of heal wounds
 h - 9 potions of magic
 i - 9 potions of attraction
 k - 7 potions of lignification
 n - 9 potions of mutation
 s - 16 potions of curing
 x - 7 potions of ambrosia
 B - 11 potions of might
 C - a potion of haste
 D - 4 potions of cancellation
 E - 8 potions of flight
 L - 3 potions of berserk rage
 P - 6 potions of brilliance
 Q - 3 potions of resistance
Miscellaneous
 T - a phantom mirror


   Skills:
 + Level 26.8 Fighting
 - Level 18.0 Axes
 + Level 19.9 Throwing
 + Level 24.8 Armour
 - Level 9.6 Dodging
 + Level 24.8 Shields
 - Level 21.0 Invocations


You had 25 spell levels left.
You didn't know any spells.
Your spell library contained the following spells:

 Spells                   Type           Power      Damage    Failure   Level
 Foxfire                  Conj/Fire      0%         2x1d4     92%         1
 Magic Dart               Conj           0%         1d3       92%         1
 Summon Small Mammal      Summ           0%         N/A       92%         1
 Blink                    Tloc           0%         N/A       98%         2
 Ensorcelled Hibernation  Hex/Ice        0%         N/A       98%         2
 Momentum Strike          Conj/Tloc      0%         3d8       98%         2
 Passwall                 Tmut/Erth      0%         N/A       98%         2
 Scorch                   Fire           0%         2d5       98%         2
 Searing Ray              Conj           0%         2d4       98%         2
 Sublimation of Blood     Necr           0%         N/A       98%         2
 Wereblood                Tmut           0%         N/A       98%         2
 Call Canine Familiar     Summ           0%         N/A       100%        3
 Frozen Ramparts          Ice            0%         1d1       100%        3
 Hailstorm                Conj/Ice       0%         3d3       100%        3
 Ignite Poison            Fire/Tmut/Pois 0%         N/A       100%        3
 Inner Flame              Hex/Fire       0%         N/A       100%        3
 Kindle Blastsparks       Fire/Tloc/Air  0%         2d10      100%        3
 Lesser Beckoning         Tloc           0%         N/A       100%        3
 Ozocubu's Armour         Ice            0%         N/A       100%        3
 Portal Projectile        Hex/Tloc       0%         N/A       100%        3
 Spider Form              Tmut/Pois      0%         N/A       100%        3
 Stone Arrow              Conj/Erth      0%         3d7       100%        3
 Summon Guardian Golem    Hex/Summ       0%         N/A       100%        3
 Swiftness                Air            0%         N/A       100%        3
 Airstrike                Air            0%         2d(0-16)  100%        4
 Anguish                  Hex/Necr       0%         N/A       100%        4
 Animate Armour           Summ/Erth      0%         N/A       100%        4
 Flame Wave               Conj/Fire      0%         2d4       100%        4
 Fulminant Prism          Conj/Hex       0%         3d5       100%        4
 Ice Form                 Ice/Tmut       0%         N/A       100%        4
 Leda's Liquefaction      Hex/Erth       0%         N/A       100%        4
 Manifold Assault         Tloc           0%         N/A       100%        4
 Passage of Golubria      Tloc           0%         N/A       100%        4
 Petrify                  Tmut/Erth      0%         N/A       100%        4
 Sticky Flame             Conj/Fire      0%         2d3       100%        4
 Summon Ice Beast         Ice/Summ       0%         N/A       100%        4
 Blade Hands              Tmut           0%         N/A       100%        5
 Fireball                 Conj/Fire      0%         3d3       100%        5
 Freezing Cloud           Conj/Ice/Air   0%         6-21      100%        5
 Irradiate                Conj/Tmut      0%         3d11      100%        5
 Lee's Rapid Deconstruct  Erth           0%         3d4*      100%        5
 Metabolic Englaciation   Hex/Ice        0%         N/A       100%        5
 Summon Forest            Summ/Tloc      0%         N/A       100%        5
 Summon Mana Viper        Hex/Summ       0%         N/A       100%        5
 Conjure Ball Lightning   Conj/Air       0%         3x3d7     100%        6
 Iron Shot                Conj/Erth      0%         9d1       100%        6
 Simulacrum               Ice/Necr       0%         N/A       100%        6
 Starburst                Conj/Fire      0%         6d3       100%        6
 Statue Form              Tmut/Erth      0%         N/A       100%        6
 Summon Cactus Giant      Summ           0%         N/A       100%        6
 Enfeeble                 Hex            0%         N/A       100%        7
 Summon Hydra             Summ           0%         N/A       100%        7
 Discord                  Hex            0%         N/A       100%        8
 Disjunction              Tloc           0%         N/A       100%        8
 Ignition                 Fire           0%         3d3       100%        8
 Lehudib's Crystal Spear  Conj/Erth      0%         10d2      100%        8
 Necromutation            Tmut/Necr      0%         N/A       100%        8
 Chain Lightning          Conj/Air       0%         N/A       100%        9
 Fire Storm               Conj/Fire      0%         5d1       100%        9
 Polar Vortex             Ice            0%         N/A       100%        9
 Shatter                  Erth           0%         3d5*      100%        9


Dungeon Overview and Level Annotations

Branches:
Dungeon (15/15)            Temple (1/1) D:6            Lair (5/5) D:8
 Shoals (4/4) Lair:3       Spider (4/4) Lair:2        Slime (0/5) Lair:5
    Orc (2/2) D:11            Elf (3/3) Orc:2        Vaults (5/5) D:14
  Crypt (3/3) Vaults:2       Tomb (0/3) Crypt:3      Depths (4/4) D:15
    Zot (5/5) Depths:4    Desolation (visited)

Altars:
Ashenzari
Cheibriados
Dithmenos
Elyvilon
Fedhas
Gozag
Hepliaklqana
Kikubaaqudgha
Makhleb
Nemelex Xobeh
Qazlal
Trog
Uskayaw
Vehumet
Wu Jian
Xom
Yredelemnul
Zin
The Shining One
Jiyva

Shops:
D:2 :   D:10 [   Orc:1 :   Orc:2 ([*:   Elf:2 =   Vaults:1 [   Vaults:4 ?
Depths:1 ::=   Depths:3 [   Depths:4 !*[?

Portals:
Hell: Depths:2 Depths:3 Depths:4
Abyss: Depths:2 Depths:3 Depths:4
Ziggurat: Depths:2

Annotations:
D:10 exclusions: oklob plant and oklob sapling
Lair:3 3 runed translucent doors, Hifruza's ghost, journeyman DEIE
Elf:2 5 runed translucent doors


Innate Abilities, Weirdness & Mutations

You have a pair of horns on your head.
You reflexively headbutt those who attack you in melee.
You have sharp fingernails.
You are partially covered in iridescent scales. (AC +2)
You are clumsy. (Dex -2)
Your natural rate of healing is unusually fast.


Message History

What level of the Dungeon? (default 1, ? - help)
Okay, then.
(D) Dungeon (T) Temple (L) Lair (A) Shoals (N) Spider Nest (M) Slime Pits (O) Orcish Mines (E) Elven Halls (V) Vaults (C) Crypt (W) Tomb (U) Depths (H) Hell (Z) Zot
Where to? (Enter - D:1, ? - help)
What level of the Dungeon? (default 1, ? - help)
There is an open door here.
A Brimstone Fiend comes into view.
You slice the Brimstone Fiend!!
The Brimstone Fiend convulses!!!
The Brimstone Fiend is almost dead.
You slice the Brimstone Fiend!!
You kill the Brimstone Fiend!
The Shining One accepts your kill.
You feel better.
(D) Dungeon (T) Temple (L) Lair (A) Shoals (N) Spider Nest (M) Slime Pits (O) Orcish Mines (E) Elven Halls (V) Vaults (C) Crypt (W) Tomb (U) Depths (H) Hell (Z) Zot
Where to? (Enter - D:1, ? - help)
What level of the Dungeon? (default 1, ? - help)
There is an open door here.
HP restored.
There is a stone staircase leading up here.
You climb upwards.
There is a stone staircase leading down here.
You open the door.
There is an open door here.
There is a stone staircase leading up here.
You climb upwards.
There is a stone staircase leading down here.
There is an open door here.
Aiming: Dig
Press: ? - help, Shift-Dir - straight line A rock wall.
This square is lit by a halo and is covered in magical glow.
The rock shatters into small pieces.
There is a staircase leading out of the dungeon here.
You have escaped!

...# #.# ####.### ####
#########'#########.......
########.................####.##.
......##.#.###########.#.# #.##.
#####.##.##.#.......#.##.####.##.
#####.##.#.#.###'###.#.#.#..>.##.
#......#.#.#.#.....#.#.#.###.....
#.######.#.#.#.....#.#.#.###.....
.....'.'.#.#.+..@..+.#.#.'.'....#
....####.#.#.#.....#.#.#.###...##
......##.#.#.#.....#.#.#.#.##.##
########.#.#.###+##..#.#.#.##.#
#.##.#.........##.#.##.#
#.#.##########..#.#.##+##
###.................#.#...##
##.#########'######.##...)..# #
##..# #.#...............


There were no monsters in sight!

Vanquished Creatures
  A dread lich (Vaults:5)
  2 orbs of fire (Zot:5)
  2 ancient liches (Zot:5)
  Josephina (Depths:4)
  Boris (twice) (Crypt:1 Crypt:3)
  A royal mummy (Crypt:3)
  Frederick (Vaults:4)
  Margery (Crypt:2)
  Saint Roka (Crypt:1)
  A Killer Klown (Zot:5)
  A curse toe (Zot:5)
  10 golden dragons
  A profane servitor (Crypt:3)
  4 electric golems
  3 Tzitzimimeh
  A Brimstone Fiend (D:3)
  A walking crystal tome (Depths:2)
  A shard shrike skeleton (Crypt:3)
  16 tentacled monstrosities
  Zenata (Crypt:2)
  5 liches
  4 deep elf blademasters
  22 Orb Guardians
  2 titans (Vaults:5)
  3 quicksilver dragons
  2 deep elf master archers (Elf:3)
  A walking frostbound tome (Depths:3)
  Gastronok (Lair:1)
  Polyphemus (Shoals:3)
  9 sphinxes
  An eldritch tentacle (Vaults:2)
  11 ancient champions
  5 death cobs
  10 tengu reavers
  10 shadow dragons
  2 azure jellies (Vaults:2)
  3 draconian monks
  5 revenants
  8 storm dragons
  6 draconian knights
  7 emperor scorpions
  19 vault wardens
  9 frost giants
  Aizul (Elf:2)
  An emperor scorpion (shapeshifter) (Vaults:5)
  8 fire giants
  3 draconian scorchers (Zot:1)
  2 caustic shrike zombies
  3 iron dragons (Vaults:5)
  3 deep elf sorcerers (Elf:3)
  7 ghost moths
  An imperial myrmidon (Desolation)
  2 curse skulls (Crypt:2)
  2 draconian shifters (Zot:2)
  3 draconian annihilators
  9 ironbound preservers
  Louise (Elf:3)
  3 ghouls
  3 draconian stormcallers
  A demonspawn corrupter (Depths:4)
  4 deep elf elementalists
  3 spriggan defenders (Depths:2)
  19 very ugly things
  4 war gargoyles
  2 reapers
  3 orc warlords
  8 ironbound thunderhulks
  4 broodmothers
  18 stone giants
  14 vampire knights
  Nessos (Lair:3)
  3 elemental wellsprings (Shoals:1)
  12 green draconians
  9 black draconians
  5 deep elf demonologists
  3 dire elephants
  3 halazid warlocks (Desolation)
  13 purple draconians
  8 white draconians
  10 yellow draconians
  Azrael (Lair:2)
  5 deep elf annihilators (Elf:3)
  3 red draconians (Zot:1)
  4 eidola
  5 spark wasps
  9 ettins
  10 deep elf death magi
  A crystal guardian (Desolation)
  8 merfolk impalers
  A blizzard demon (Depths:1)
  15 jiangshi
  5 deep elf high priests
  7 merfolk javelineers
  A quicksilver dragon zombie (Crypt:1)
  2 green deaths
  6 ragged hierophants
  11 yaktaur captains
  9 entropy weavers
  7 fire dragons
  An entropy weaver (shapeshifter) (D:13)
  2 spriggan zombies
  A hell beast (Depths:4)
  11 great orbs of eyes
  10 servants of whispers (Desolation)
  Erolcha (D:11)
  4 ice dragons
  2 rakshasas
  3 spriggan skeletons
  36 vault guards
  2 ogre magi
  A catoblepas (shapeshifter) (Vaults:5)
  A spriggan air mage (Depths:2)
  8 hydras
  10 peacekeepers
  24 centaur warriors
  2 jorogumos
  2 catoblepae
  5 merfolk avatars
  2 alligator snapping turtles (Shoals:4)
  5 merfolk aquamancers
  4 radroaches
  2 death knights
  5 tengu warriors
  4 satyrs
  9 ironbound frosthearts
  2 two-headed ogres
  6 vampire magi
  5 deep troll shamans
  An Orb Guardian skeleton (Crypt:2)
  12 boulder beetles
  11 dancing weapons
  4 deep troll earth magi
  5 orc high priests
  8 death yaks
  Nergalle (Lair:1)
  A storm dragon zombie (Crypt:1)
  3 spriggan berserkers
  4 shadow wraiths
  7 deep elf knights
  5 iron trolls
  7 hell knights
  10 sun demons
  27 skeletal warriors
  A soul eater (Crypt:3)
  8 pharaoh ants
  2 sun moths
  A fire crab (shapeshifter) (Depths:2)
  A salamander mystic (Depths:4)
  Lodul (D:12)
  21 deep trolls
  A glowing orange brain (Depths:1)
  A storm dragon skeleton (Crypt:1)
  8 sea snakes
  9 steelbarb worms
  9 orb spiders
  A bog body (Crypt:2)
  A shadow demon (Depths:4)
  7 flayed ghosts
  3 deep elf archers
  An orange crystal statue (Depths:1)
  2 anaconda skeletons
  13 orc knights
  25 lindwurms
  13 wizards
  21 ironbound convokers
  25 harpies
  A harpy (shapeshifter) (Spider:4)
  7 necromancers
  8 phantasmal warriors
  22 deep elf zephyrmancers
  7 orc sorcerers
  62 ugly things
  26 deep elf pyromancers
  A tengu skeleton (Crypt:1)
  2 stone giant zombies
  17 manticores
  2 shining eyes (Depths:4)
  15 merfolk sirens
  5 cyclopes
  A sphinx skeleton (Vaults:2)
  21 wolf spiders
  A dire elephant zombie (Crypt:3)
  A goliath frog skeleton (Crypt:2)
  17 moths of wrath
  18 fauns
  4 salamanders
  27 elephants
  A toenail golem (D:15)
  2 centaur zombies (Crypt:1)
  25 vault sentinels
  A naga mage (Vaults:2)
  10 water nymphs
  A black mamba (Lair:5)
  3 guardian serpents (Desolation)
  6 torpor snails
  2 ice statues (Vaults:2)
  3 smoke demons
  A dire elephant skeleton (Crypt:1)
  A centaur skeleton (Crypt:1)
  18 cane toads
  A gargoyle (D:14)
  30 yaktaurs
  A hellion (Depths:1)
  A purple draconian zombie (Crypt:3)
  6 rime drakes
  A shock serpent skeleton (Crypt:2)
  2 catoblepas zombies (Crypt:1)
  4 komodo dragons
  A steelbarb worm zombie (Crypt:1)
  4 guardian mummies (Crypt:3)
  An iron troll zombie (Crypt:1)
  2 kobold demonologists
  17 demonic crawlers
  6 freezing wraiths
  5 trolls
  4 ice devils (Depths:1)
  A red draconian skeleton (Crypt:3)
  2 anaconda simulacra
  A harpy zombie (Crypt:1)
  10 meliai
  3 tengu conjurers
  A polar bear (shapeshifter) (D:15)
  2 yaktaur skeletons (Vaults:2)
  A shadow dragon simulacrum (Depths:4)
  A death drake zombie (Crypt:3)
  A merfolk (shapeshifter) (Vaults:5)
  3 human zombies (Vaults:2)
  18 merfolk
  4 polar bears
  4 hornets
  24 blink frogs
  16 dream sheep
  64 saltlings
  26 tarantellas
  27 slime creatures
  13 wind drakes
  A harpy skeleton (Crypt:1)
  2 tyrant leeches (Lair:5)
  10 snapping turtles
  A hydra skeleton (Crypt:1)
  4 iron dragon simulacra
  An alligator skeleton (Crypt:1)
  2 centaur simulacra (Crypt:1)
  7 air elementals
  2 large abominations (Elf:1)
  25 jumping spiders
  36 water elementals
  26 culicivoras
  6 wyverns
  8 flying skulls (Crypt:1)
  2 spriggans (shapeshifter)
  4 wraiths
  51 yaks
  3 spriggans (Depths:2)
  A human (shapeshifter) (Vaults:5)
  5 vampires (Crypt:3)
  A fire bat (shapeshifter) (Depths:2)
  8 basilisks
  A black mamba skeleton (Crypt:1)
  An elf skeleton (Vaults:2)
  14 vampire mosquitoes
  5 fire elementals
  51 redbacks
  2 spatial vortices (Vaults:2)
  3 steam dragons
  3 wargs
  2 acid dragons
  An entropy weaver zombie (Crypt:2)
  A glowing shapeshifter zombie (Vaults:2)
  A faun zombie (Crypt:2)
  A hydra simulacrum (Vaults:2)
  19 water moccasins
  4 hell hounds
  A demonspawn skeleton (Crypt:1)
  A meliai simulacrum (D:14)
  2 glowing shapeshifter skeletons (Vaults:2)
  3 sky beasts
  An ettin simulacrum (Crypt:1)
  3 black bears
  A fire dragon simulacrum (Vaults:2)
  43 orc warriors
  4 boggarts (D:14)
  A swamp dragon zombie (Crypt:1)
  9 ogres
  6 centaurs
  A black mamba simulacrum (Crypt:1)
  4 wolves (Lair:4)
  2 phantoms
  A salamander zombie (Crypt:2)
  7 kobold brigands
  14 bullfrogs
  4 elf zombies (Elf:1)
  7 human skeletons (Vaults:2)
  3 earth elementals
  3 gnoll sergeants
  4 necrophages
  A water moccasin zombie (Crypt:2)
  4 scorpions
  2 elephant simulacra (Vaults:2)
  A warg skeleton (Crypt:2)
  5 howler monkeys
  7 electric eels
  2 crimson imps (Depths:1)
  A gnoll bouda (D:6)
  8 hounds
  A jelly (D:7)
  29 orc priests
  A bullfrog skeleton (Crypt:1)
  Terence (D:2)
  5 iguanas
  18 orc wizards
  A troll simulacrum (Vaults:2)
  A killer bee zombie (Crypt:1)
  A tengu zombie (Crypt:3)
  19 gnolls
  8 adders
  A naga simulacrum (Vaults:2)
  A swamp drake skeleton (Crypt:3)
  4 white imps
  An ufetubus (D:4)
  A worm (D:4)
  3 dart slugs
  72 orcs
  11 ball pythons
  9 bats
  9 endoplasms
  2 giant cockroaches
  A gnoll zombie (Crypt:2)
  4 goblins
  9 hobgoblins
  2 quokkas
  2 frilled lizards
  22 kobolds
  A quokka zombie (Crypt:3)
  5 rats
  2 butterflies (D:6)
2323 creatures vanquished.

Vanquished Creatures (collateral kills)
  Mennas (Crypt:2)
  A titan (Shoals:4)
  An iron dragon (Vaults:5)
  A frost giant (Vaults:5)
  A merfolk impaler (Shoals:4)
  A vault guard (Vaults:5)
  2 merfolk avatars (Shoals:4)
  A merfolk aquamancer (Shoals:4)
  An ironbound convoker (Vaults:5)
  2 orc knights (Orc:1)
  2 harpies (Shoals:4)
  2 orc sorcerers (Orc:1)
  A water nymph (Shoals:4)
  2 merfolk (Shoals:4)
  A troll (Orc:1)
  2 water elementals (Shoals:4)
  An air elemental (Shoals:4)
  A warg (Orc:1)
  3 orc warriors (Orc:1)
  3 ogres (Orc:1)
  An orc priest (Orc:1)
  3 orc wizards (Orc:1)
  7 orcs (Orc:1)
41 creatures vanquished.

Vanquished Creatures (others)
  Asterion (Lair:2)
  A fire giant (Depths:3)
  A draconian stormcaller (Zot:1)
  A vault guard (Vaults:5)
  3 deep elf zephyrmancers
  A guardian serpent (Desolation)
  A black mamba simulacrum (Vaults:2)
  An orc (Orc:2)
  68 fungi
  199 plants
277 creatures vanquished.

Grand Total: 2641 creatures vanquished

Notes
Turn   | Place    | Note
-------+----------+-------------------------------------------
     0 | D:1      | ma3 the Minotaur Fighter began the quest for the Orb.
     0 | D:1      | Reached XP level 1. HP: 19/19 MP: 0/0
   270 | D:1      | Reached XP level 2. HP: 27/27 MP: 1/1
   458 | D:1      | Reached skill level 4 in Fighting
   978 | D:2      | Noticed Terence
  1162 | D:2      | Reached XP level 3. HP: 31/33 MP: 2/2
  1178 | D:2      | Killed Terence
  1291 | D:2      | Reached XP level 4. HP: 41/41 MP: 3/3
  1379 | D:2      | Found Sekhep's Vocational Training.
  1746 | D:3      | Found a faded altar of an unknown god.
  2088 | D:3      | Found an opulent altar of Gozag.
  2103 | D:3      | Reached skill level 5 in Axes
  2398 | D:4      | Found an ornate altar of the Wu Jian Council.
  2452 | D:4      | Noticed a centaur
  2469 | D:4      | Killed a centaur
  2470 | D:4      | Reached skill level 5 in Fighting
  2470 | D:4      | Reached XP level 5. HP: 42/48 MP: 4/4
  2624 | D:4      | Reached XP level 6. HP: 56/56 MP: 5/5
  2852 | D:5      | Entered Level 5 of the Dungeon
  3006 | D:4      | Reached skill level 6 in Fighting
  3385 | D:4      | Reached XP level 7. HP: 58/63 MP: 6/6
  3692 | D:5      | Reached skill level 7 in Fighting
  4150 | D:6      | You are sucked into a shaft and drop 3 floors!
  4181 | D:9      | Noticed a wraith
  4201 | D:9      | Killed a wraith
  4202 | D:9      | Reached XP level 8. HP: 66/73 MP: 7/7
  4237 | D:9      | Noticed a two-headed ogre
  4245 | D:9      | Killed a two-headed ogre
  4246 | D:9      | Reached skill level 8 in Fighting
  4472 | D:8      | Reached XP level 9. HP: 41/82 MP: 8/8
  4503 | D:8      | Reached skill level 9 in Fighting
  4516 | D:8      | Paralysed by a hornet for 3 turns
  4521 | D:8      | Paralysed by a hornet for 1 turns
  4537 | D:8      | Gained mutation: You are partially covered in iridescent
                  | scales. (AC +2) [potion of mutation]
  4537 | D:8      | Gained mutation: Your natural rate of healing is unusually
                  | fast. [potion of mutation]
  4537 | D:8      | Gained mutation: You have sharp fingernails. [potion of
                  | mutation]
  4778 | D:8      | Found a staircase to the Lair.
  4811 | D:8      | Reached skill level 10 in Fighting
  5325 | D:6      | Found a staircase to the Ecumenical Temple.
  5333 | Temple   | Entered the Ecumenical Temple
  5339 | Temple   | Became a worshipper of the Shining One
  5499 | D:6      | Reached XP level 10. HP: 94/94 MP: 9/9
  6248 | D:7      | Reached * piety under the Shining One
  6253 | D:7      | Found the +7 staff of the Meek {protect, meekguard}
  6367 | D:7      | Reached skill level 11 in Fighting
  7211 | D:9      | Reached skill level 15 in Axes
  7507 | D:10     | Entered Level 10 of the Dungeon
  7558 | D:10     | Found a hide-covered altar of Uskayaw.
  7566 | D:10     | Found a sparkling altar of Nemelex Xobeh.
  7684 | D:10     | Found Piroesicw's Armour Shop.
  7994 | D:10     | Noticed an oklob plant
  8399 | Lair:1   | Entered Level 1 of the Lair of Beasts
  8399 | Lair:1   | Noticed a six-headed hydra
  8604 | D:8      | Killed a three-headed hydra
  8605 | D:8      | Reached skill level 1 in Invocations
  8677 | Lair:1   | Noticed a cane toad
  8682 | Lair:1   | Killed a cane toad
  8710 | Lair:1   | Noticed Nergalle
  8729 | Lair:1   | Killed Nergalle
  8820 | Lair:1   | Reached XP level 11. HP: 104/104 MP: 11/11
  8821 | Lair:1   | Noticed Gastronok
  8835 | Lair:1   | Killed Gastronok
  8836 | Lair:1   | Reached skill level 5 in Armour
  8836 | Lair:1   | Reached skill level 5 in Shields
  8867 | Lair:1   | Reached skill level 12 in Fighting
  9383 | Lair:2   | Noticed a lindwurm
  9389 | Lair:2   | Killed a lindwurm
  9391 | Lair:2   | Noticed a lindwurm
  9405 | Lair:2   | Killed a lindwurm
  9407 | Lair:2   | Noticed a lindwurm
  9452 | Lair:2   | Found a hole to the Spider Nest.
  9478 | Lair:2   | You fall into a shaft and drop 2 floors!
  9497 | Lair:4   | Noticed a boulder beetle
  9515 | Lair:4   | Killed a boulder beetle
  9581 | Lair:4   | Reached skill level 5 in Invocations
  9639 | Lair:4   | Reached ** piety under the Shining One
  9656 | Lair:4   | Reached skill level 13 in Fighting
  9659 | Lair:4   | Reached XP level 12. HP: 97/115 MP: 13/15
  9851 | Lair:3   | Noticed a death yak
  9880 | Lair:3   | Killed a death yak
  9895 | Lair:3   | Found a runed translucent gate.
 10174 | Lair:2   | Reached skill level 14 in Fighting
 10507 | D:10     | Bought a +2 kite shield of protection for 344 gold pieces
 10591 | Lair:3   | Noticed a death yak
 10609 | Lair:3   | Killed a death yak
 10628 | Lair:3   | Noticed a death yak
 10631 | Lair:3   | Noticed a death yak
 10631 | Lair:3   | Noticed a death yak
 10635 | Lair:3   | Noticed a death yak
 10655 | Lair:3   | Killed a death yak
 10659 | Lair:3   | Killed a death yak
 10745 | Lair:3   | Noticed Nessos
 10809 | Lair:3   | Killed Nessos
 10811 | Lair:3   | Reached skill level 10 in Armour
 10811 | Lair:3   | Reached skill level 10 in Shields
 10811 | Lair:3   | Reached XP level 13. HP: 72/125 MP: 17/17
 11033 | Lair:3   | Found a staircase to the Shoals.
 11273 | Lair:3   | Found a runed translucent gate.
 11274 | Lair:3   | Found a runed translucent gate.
 11274 | Lair:3   | Noticed Hifruza's ghost (journeyman DEIE)
 11274 | Lair:3   | Reached *** piety under the Shining One
 11449 | Lair:3   | Found a viscous altar of Jiyva.
 11910 | Lair:5   | Entered Level 5 of the Lair of Beasts
 12003 | Lair:5   | Reached skill level 15 in Fighting
 12052 | Lair:5   | Identified the +3 buckler of Privacy {rPois}
 12183 | Lair:5   | Reached **** piety under the Shining One
 12630 | Lair:5   | Reached XP level 14. HP: 121/136 MP: 20/20
 13005 | Lair:5   | Found a viscous altar of Jiyva.
 13005 | Lair:5   | Found a staircase to the Slime Pits.
 13338 | D:11     | Reached ***** piety under the Shining One
 13410 | D:11     | Reached skill level 16 in Fighting
 13425 | D:11     | Found a staircase to the Orcish Mines.
 13501 | D:11     | Reached skill level 10 in Invocations
 13890 | D:11     | Noticed Erolcha
 13899 | D:11     | Killed Erolcha
 14325 | Orc:1    | Entered Level 1 of the Orcish Mines
 14325 | Orc:1    | Found Rebben's Book Shoppe.
 14435 | Orc:1    | Found a bloodstained altar of Trog.
 14713 | Orc:2    | Entered Level 2 of the Orcish Mines
 14843 | Orc:2    | Found a staircase to the Elven Halls.
 14942 | Orc:2    | Noticed an orc warlord
 15067 | Orc:1    | Killed an orc warlord
 15100 | Orc:2    | Noticed an orc warlord
 15134 | Orc:1    | Killed an orc warlord
 15189 | Orc:2    | Gained mutation: You are clumsy. (Dex -2) [a neqoxec]
 15354 | Orc:2    | Reached ****** piety under the Shining One
 15642 | Orc:2    | Found Woblen's General Store.
 15643 | Orc:2    | Found Raenaino's Book Emporium.
 15645 | Orc:2    | Found Ginwaono's Antique Armour Shoppe.
 15645 | Orc:2    | Found Obluagol's Antique Weapon Shoppe.
 15943 | D:12     | Noticed Lodul
 15954 | D:12     | Killed Lodul
 16380 | D:13     | Reached XP level 15. HP: 133/146 MP: 22/22
 16707 | D:13     | Identified a scroll of acquirement
 16708 | D:13     | Acquired the +4 broad axe of Fewaudon {holy, Str+3 Int+4}
 16766 | D:10     | Bought a scarf of resistance for 512 gold pieces
 17240 | D:14     | Found a gate to the Vaults.
 17554 | D:14     | Reached skill level 1 in Dodging
 17712 | D:14     | Reached skill level 17 in Fighting
 18293 | D:15     | Entered Level 15 of the Dungeon
 18840 | D:15     | Found a staircase to the Depths.
 19422 | Spider:1 | Entered Level 1 of the Spider Nest
 19422 | Spider:1 | Noticed Azrael
 19431 | Spider:1 | Noticed Asterion
 19437 | Lair:2   | Killed Azrael
 19466 | Lair:2   | Reached XP level 16. HP: 141/155 MP: 23/23
 19474 | Lair:2   | Killed Asterion
 19481 | Lair:2   | Identified a +9 broad axe of holy wrath (a +7 broad axe of
                  | electrocution blessed by the Shining One)
 19481 | Lair:2   | Received a gift from the Shining One
 19709 | Spider:1 | Reached skill level 5 in Dodging
 20474 | Spider:1 | Reached skill level 18 in Fighting
 20478 | Spider:1 | Reached skill level 15 in Shields
 20612 | Spider:2 | Reached skill level 15 in Armour
 21163 | Spider:2 | Reached skill level 1 in Throwing
 22095 | Spider:3 | Reached XP level 17. HP: 166/166 MP: 25/25
 22423 | Shoals:1 | Entered Level 1 of the Shoals
 23834 | Shoals:2 | Identified the +4 flail "Dragonslayer" {vorpal, rPois rN+
                  | Dex-3}
 24043 | Shoals:2 | Reached skill level 19 in Fighting
 24690 | Shoals:2 | Reached skill level 5 in Throwing
 25765 | Shoals:3 | Noticed Polyphemus
 25775 | Shoals:3 | Killed Polyphemus
 25979 | Spider:4 | Entered Level 4 of the Spider Nest
 26168 | Spider:4 | Reached XP level 18. HP: 177/177 MP: 27/27
 27133 | Spider:4 | Reached skill level 20 in Fighting
 27419 | Spider:4 | Got a gossamer rune of Zot
 27744 | Shoals:4 | Entered Level 4 of the Shoals
 27756 | Shoals:4 | Paralysed by an air elemental for 1 turns
 27765 | Shoals:4 | Paralysed by an air elemental for 1 turns
 27785 | Shoals:4 | Paralysed by an air elemental for 1 turns
 28006 | Shoals:4 | Found a stormy altar of Qazlal.
 28392 | Shoals:4 | Paralysed by an air elemental for 1 turns
 28396 | Shoals:4 | Paralysed by an air elemental for 1 turns
 28399 | Shoals:4 | Paralysed by an air elemental for 1 turns
 28725 | Shoals:4 | Paralysed by an air elemental for 1 turns
 29015 | Shoals:4 | Reached skill level 10 in Throwing
 29156 | Shoals:4 | Got a barnacled rune of Zot
 29259 | Shoals:4 | Paralysed by an air elemental for 1 turns
 29264 | Shoals:4 | Paralysed by an air elemental for 1 turns
 29469 | Elf:1    | Entered Level 1 of the Elven Halls
 29787 | Elf:1    | Reached XP level 19. HP: 168/185 MP: 28/28
 29986 | Elf:1    | Identified the ring "Uphab" {rPois rF+ Will+}
 30666 | Elf:2    | Found Lanyta's Jewellery Shop.
 30915 | Elf:2    | Noticed Aizul
 30917 | Elf:2    | Found a huge runed translucent gate.
 30917 | Elf:2    | Found a huge runed translucent gate.
 30917 | Elf:2    | Found a huge runed translucent gate.
 30917 | Elf:2    | Found a huge runed translucent gate.
 30917 | Elf:2    | Found a huge runed translucent gate.
 30933 | Elf:2    | Killed Aizul
 31278 | Elf:3    | Entered Level 3 of the Elven Halls
 32065 | Elf:3    | Noticed Louise
 32077 | Elf:3    | Killed Louise
 32589 | Elf:3    | Found the +8 Vampire's Tooth {vamp}
 32611 | Elf:3    | Identified the +2 ring mail of the Apothecary {rC+}
 32648 | Elf:3    | Got Pomefur's Directory of Changing
 32650 | Elf:3    | Identified the ring "Ciwuveeb" {rCorr Dex+3}
 32658 | Elf:3    | Identified the +4 scimitar of Caxob {speed, rCorr Str+5}
 32890 | Orc:2    | Bought masterwork shadow dragon scales for 2210 gold pieces
 32890 | Orc:2    | Identified the +6 shadow dragon scales "Loroapos" {Regen+
                  | rCorr Stlth++++} (You bought it in a shop on level 2 of the
                  | Orcish Mines)
 32932 | Orc:2    | Acquired the +8 orange crystal plate armour {Archmagi,
                  | Int+3 Clar}
 32932 | Orc:2    | Found the +8 orange crystal plate armour {Archmagi, Int+3
                  | Clar}
 33054 | Depths:1 | Entered Level 1 of the Depths
 33338 | Depths:1 | Reached skill level 21 in Fighting
 33386 | Depths:1 | Reached XP level 20. HP: 189/198 MP: 30/30
 33401 | Depths:1 | Found Wulubiud's Jewellery Boutique.
 33401 | Depths:1 | Found Huehoum's Book Emporium.
 33419 | Depths:1 | Found Ferocasi's Book Emporium.
 33690 | Depths:1 | You fall into a shaft and drop 1 floor!
 33701 | Depths:2 | Found a one-way gateway to a ziggurat.
 33832 | Depths:2 | Reached skill level 15 in Invocations
 33938 | Depths:2 | Found a gateway to Hell.
 33986 | Depths:3 | Found a broken altar of Ashenzari.
 34052 | Depths:3 | Identified the +2 cloak of the Dolphin {rPois}
 34103 | Depths:2 | Found a one-way gate to the infinite horrors of the Abyss.
 34748 | Depths:3 | Noticed a golden dragon
 34753 | Depths:3 | Killed a golden dragon
 34893 | Depths:3 | Found Xohusuq's Armour Shoppe.
 35152 | Depths:3 | Noticed a golden dragon
 35170 | Depths:3 | Killed a golden dragon
 35767 | Depths:4 | Entered Level 4 of the Depths
 36056 | Depths:4 | Reached XP level 21. HP: 206/206 MP: 31/31
 36078 | Depths:4 | Noticed a golden dragon
 36094 | Depths:4 | Killed a golden dragon
 36110 | Depths:4 | Found a gate to the Realm of Zot.
 36115 | Depths:4 | Noticed a golden dragon
 36133 | Depths:4 | Killed a golden dragon
 36141 | Depths:4 | Reached skill level 22 in Fighting
 36392 | Depths:4 | Found Ebamo's Armour Emporium.
 36394 | Depths:4 | Found Xidypu's Magic Scroll Emporium.
 36394 | Depths:4 | Found Qofad's Distillery.
 36397 | Depths:4 | Found Zehop's General Store.
 36404 | Depths:4 | Bought a scroll of teleportation for 42 gold pieces
 36404 | Depths:4 | Bought a scroll of acquirement for 728 gold pieces
 36407 | Depths:4 | Bought a scroll of teleportation for 54 gold pieces
 36407 | Depths:4 | Bought a scroll of acquirement for 936 gold pieces
 36599 | Depths:4 | Acquired the +4 tower shield of Cloud Cover {rF+}
 36600 | Depths:4 | Acquired 693 gold pieces
 36629 | Depths:4 | Identified the ring of the Shimmering King {Ice rElec rN+++
                  | Str-3 Int-3}
 36629 | Depths:4 | Noticed Josephina
 36646 | Depths:4 | Killed Josephina
 37191 | Vaults:1 | Entered Level 1 of the Vaults
 37589 | Vaults:1 | You fall into a shaft and drop 1 floor!
 37919 | Vaults:2 | Found a staircase to the Crypt.
 37928 | Crypt:1  | Entered Level 1 of the Crypt
 38133 | Crypt:1  | Reached skill level 15 in Throwing
 38166 | Crypt:1  | Noticed Saint Roka
 38184 | Crypt:1  | Killed Saint Roka
 38230 | Crypt:1  | Noticed Boris
 38247 | Crypt:1  | Killed Boris
 38385 | Crypt:1  | Reached XP level 22. HP: 212/217 MP: 33/33
 38573 | Crypt:1  | Acquired an amulet of reflection
 39204 | Crypt:2  | Noticed Margery
 39230 | Crypt:2  | Killed Margery
 39360 | Crypt:2  | Acquired 995 gold pieces
 39457 | Crypt:2  | Noticed Mennas
 39468 | Crypt:2  | Killed Mennas
 39469 | Crypt:2  | Reached skill level 23 in Fighting
 39508 | Crypt:2  | Noticed Zenata
 39522 | Crypt:2  | Killed Zenata
 39712 | Crypt:3  | Entered Level 3 of the Crypt
 39829 | Crypt:3  | Found the +7 sceptre of Torment {pain, torment}
 40121 | Crypt:3  | Noticed Boris
 40131 | Crypt:3  | Killed Boris
 40312 | Crypt:3  | Found a staircase to the Tomb.
 40493 | Crypt:3  | Found a basalt altar of Yredelemnul.
 40493 | Crypt:3  | Found an ancient bone altar of Kikubaaqudgha.
 40493 | Crypt:3  | Noticed a royal mummy
 40611 | Crypt:3  | Killed a royal mummy
 40688 | Crypt:3  | Identified the +5 short sword of Bequeathed Guile {elec,
                  | Str+3}
 40733 | Crypt:3  | Identified the ring of Jiliom {rN+ Will+ rCorr Dex-4}
 40733 | Crypt:3  | Identified the ring "Esifram" {rN+ Str+5}
 40733 | Crypt:3  | Identified the ring "Qyzaadif" {rC+ rN+ rCorr SInv}
 41081 | Vaults:2 | Got the Quarto of Ice
 41302 | Vaults:2 | Reached XP level 23. HP: 197/227 MP: 34/34
 41885 | Vaults:2 | Got Gell's Papyrus of the Jaunt
 42158 | Vaults:3 | Found a crumbling gateway.
 42167 | Desolati | Entered the Desolation of Salt
 42325 | Desolati | Identified the +8 arbalest "Hydra's Demise" {antimagic, rF-
                  | rN+ Str+3}
 42394 | Desolati | Got the Secrets of Gelid Clouds
 42397 | Desolati | Identified the ring "Uxienul" {rCorr Str+6 Stlth+}
 42446 | Desolati | Reached skill level 24 in Fighting
 42474 | Desolati | Identified the ring "Zeaxesi" {rN+ MP+9}
 42478 | Desolati | Identified the amulet of Yfaivu Ajaz {Spirit rN+}
 42621 | Desolati | Identified the +3 robe "Liruizij" {rC+}
 42685 | Desolati | Identified the amulet of Arrival {Reflect -Tele Regen+ SH+5
                  | Stlth+}
 42739 | Desolati | Identified the ring of Rarot {Fire Str+3}
 44582 | Vaults:4 | Found a transporter.
 44602 | Vaults:4 | Found a transporter.
 44684 | Vaults:4 | Reached XP level 24. HP: 239/239 MP: 35/35
 44743 | Vaults:4 | Identified the amulet "Ogaucear" {RegenMP rElec Str+2
                  | Int+3}
 44917 | Vaults:4 | Noticed Frederick
 44923 | Vaults:4 | Killed Frederick
 45050 | Vaults:4 | Found Usefy's Magic Scroll Shoppe.
 45124 | Vaults:5 | Entered Level 5 of the Vaults
 45209 | Vaults:5 | Identified the ring "Zoelelen" {rElec rC- Str+6 Int+2}
 45391 | Vaults:5 | Acquired a manual of Invocations
 45861 | Vaults:5 | Reached skill level 25 in Fighting
 46357 | Vaults:5 | Identified the +12 executioner's axe of the Healing Augurer
                  | {freeze, MP-9 SInv Stlth+}
 46379 | Vaults:5 | Noticed a dread lich
 46384 | Vaults:5 | Killed a dread lich
 46734 | Vaults:5 | Got a silver rune of Zot
 47130 | Vaults:1 | Reached XP level 25. HP: 250/250 MP: 36/36
 47608 | Vaults:1 | Found Gugout's Armour Emporium.
 47890 | Zot:1    | Entered Level 1 of the Realm of Zot
 48578 | Zot:1    | Identified the +9 rapier of Atach {vamp, Str+4}
 51104 | Zot:4    | Reached skill level 26 in Fighting
 51346 | Zot:5    | Entered Level 5 of the Realm of Zot
 52006 | Zot:5    | Noticed an ancient lich
 52017 | Zot:5    | Killed an ancient lich
 52029 | Zot:5    | Reached XP level 26. HP: 254/264 MP: 24/36
 52084 | Zot:5    | Noticed an orb of fire
 52084 | Zot:5    | Noticed an ancient lich
 52090 | Zot:5    | Noticed an orb of fire
 52105 | Zot:5    | Killed an orb of fire
 52109 | Zot:5    | Killed an ancient lich
 52116 | Zot:5    | Killed an orb of fire
 52214 | Zot:5    | Got the Orb of Zot
 52219 | Zot:5    | Noticed an orb of fire
 52247 | Zot:5    | Noticed a seraph
 52724 | D:6      | Noticed a seraph
 52885 | D:$      | Escaped with the Orb!

Illustrated notes

Levels and vault maps discovered:
D:1:      matt_arrival_los_fun, layout_loops_corners
D:2:      layout_basic, serial_curves, eino_curves_03, eino_curves_03,
          nicolae_shop_vocational, uniq_terence
D:3:      layout_loops_corners, nicolae_gozag_cash_rules_everything_around_me,
          dreamdust_ecumenical_altar_statues, corexii_item_surrounded_by_moat,
          reono_crystal_passage
D:4:      layout_basic, overflow_temple_1_default, grunt_ministairs_14,
          minmay_quadrilaterals
D:5:      layout_basic
D:6:      layout_loops_ring, minmay_temple_entry_butterflies
D:7:      layout_basic, grunt_ministairs_7, pf_guarded_unrand_meek
D:8:      layout_basic, due_lair_maze_entry_diamond
D:9:      layout_cave_pods, hex_medium
D:10:     layout_basic, amethyst_overflow_temple_binary, serial_shops, shop,
          introduction_to_nature_2
D:11:     layout_loops_corners, david_orc_3, uniq_erolcha
D:12:     layout_rooms, kennysheep_cross_room, uniq_lodul
D:13:     layout_roguey
D:14:     layout_basic, grunt_vaults_entry_fortified,
          hangedman_decor_diamond_cutter
D:15:     hangedman_depths_entry_try_elsewhere_first, layout_irregular_city,
          serial_park_square3 [serial_park_minivault_5x5_1]
Temple:   dpeg_three_leaves_temple
Lair:1:   layout_roguey, minivault_26, uniq_nergalle, uniq_gastronok
Lair:2:   layout_hall_layers, dummy_spider_entry, nicolae_lair_lindhole,
          infiniplex_staircase_pool
Lair:3:   wander_river, layout_long_grid, minmay_shoals_entry_hut,
          gammafunk_ghost_ooze, kennysheep_basilisk_garden, uniq_nessos
Lair:4:   layout_hall_layers, st_stairs_5
Lair:5:   minmay_lair_end_frog_pond, layout_big_grid, dpeg_slime_entry_enclosed
Shoals:1: layout_shoals, nicolae_shoals_spring_well_temple
Shoals:2: layout_shoals
Shoals:3: layout_shoals, nicolae_shoals_drake_roost, uniq_polyphemus
Shoals:4: shoals_end_hellmonk_storm_palace [storm_palace_center_square,
          storm_palace_corner_pillars, storm_palace_corner_pillars,
          storm_palace_corner_blocked, storm_palace_corner_altar]
Spider:1: layout_spider_delve, uniq_azrael, uniq_asterion
Spider:2: layout_spider_delve
Spider:3: layout_spider_delve
Spider:4: hellmonk_spider_rune_bug_friends, hellmonk_deceptive_appearances
Orc:1:    layout_caves, basic_altar, serial_shops, shop_fountains
Orc:2:    st_orc_congregation, layout_diamond_mine
Elf:1:    eino_elf_arrival_the_gate, layout_loops_corners, minmay_elf_necromancy
Elf:2:    elven_hall_of_blades_hangedman_alternative [grunt_blade_entry_basic],
          layout_geoelf_grid, serial_shops, shop, nicolae_elf_v_pinch,
          elves_outpost_lemuel, uniq_jorgrun, uniq_aizul
Elf:3:    minmay_elf_hall_circle, layout_geoelf_diagonals, uniq_louise
Vaults:1: nicolae_vaults_network_star, ontoclasm_vaults_fault, v_rooms_1,
          nicolae_vaults_network_s, vaults_room_grunt_arrival_ludios, v_misc_27,
          nicolae_vaults_big_angled_halls, vaults_dpeg_encased_lava,
          layout_vaults_omnigrid, serial_shops, shop
Vaults:2: v_misc_10, nicolae_vaults_circle_grid_a,
          minmay_crypt_entry_skeletal_spiral, ontoclasm_vaults_ring_square,
          nicolae_vaults_arrows, grunt_vaults_focal,
          nicolae_vaults_border_crossing, vaults_room_pools, v_misc_27,
          vaults_mumra_lcd, layout_vaults_omnicross, serial_hangedman_research,
          hangedman_research_thermodynamics, hangedman_research_quantum
Vaults:3: portal_desolation_entry_nicolae_nacl, vaults_room_ringed_pool,
          v_misc_27, v_misc_15, v_misc_3, nicolae_vaults_little_squares_3,
          vaults_room_fancy_cross, nicolae_vaults_ring_of_whatevers,
          nicolae_vaults_windows_and_doors_thing, vaults_room_corners,
          nicolae_vaults_rhombus_6, nicolae_vaults_little_squares_4,
          layout_vaults_big_room
Vaults:4: nicolae_vaults_circle_grid_a, ontoclasm_vaults_spin, v_misc_29,
          v_pattern_3, hangedman_vaults_slice, ontoclasm_vaults_chip,
          gammafunk_the_bubble [the_bubble_gammafunk_grid],
          nicolae_vaults_what_the_h, nicolae_vaults_big_angled_halls,
          nicolae_vaults_specimen_jars, v_alt_pattern_3,
          vaults_room_stairs_pillars, vaults_dpeg_hooks,
          layout_vaults_maze_bifur, serial_shops, nicolae_lakefront_shop,
          uniq_frederick
Vaults:5: serial_shops
Crypt:1:  hangedman_screamer, layout_chaotic_city, grunt_crypt_arrival_split,
          grunt_megastairs_2, uniq_saint_roka
Crypt:2:  layout_gridlike, uniq_mennas, uniq_margery, uniq_zenata
Crypt:3:  lightli_unholy_cathedral, layout_chaotic_city,
          tomb_entry_simple_bobbens, roderic_lattice_octagonal_star
Depths:1: layout_gridlike, abyss_entry, minmay_misc_feat_ornament,
          rand_demon_pan_entry_9, hell_entry, minivault_16, nrook_pool_corridor,
          minmay_fire_ice_demons, serial_bayou_shore_a, minmay_shop_grove
Depths:2: minmay_octo_star, layout_basic, enter_ziggurat_c, serial_aquarium,
          aquarium_bridge_straight [aquarium_subvault_bridge,
          aquarium_subvault_window, aquarium_subvault_bridge,
          aquarium_subvault_wall], aquarium_window_3, aquarium_window_1,
          aquarium_view_2b, aquarium_view_2b, hell_entry,
          rand_demon_pan_entry_3, abyss_entry, kennysheep_small_square
Depths:3: nzn_winding_woodlands_small [nzn_winding_woodlands_5x15_sawtooth,
          nzn_winding_woodlands_center_pierced_h,
          nzn_winding_woodlands_5x15_parted], layout_gridville,
          ashenzari_altar_1, hell_entry, abyss_entry, minmay_shop_star,
          minmay_staircase_statues, firewood_loft
Depths:4: grunt_crosshair, layout_cave_shapes, abyss_entry_small_statue_room,
          nicolae_hell_entry_hellmouth_sunbeams, serial_bayou_shore_b,
          minmay_shoptagon, serial_bayou_shore_b, uniq_josephina
Zot:1:    nicolae_moth_party, layout_gridlike, grunt_megastairs_5
Zot:2:    layout_cathedral_of_symmetry
Zot:3:    kennysheep_room_grid, layout_gridlike, gammafunk_ghost_necromancy,
          hangedman_zot_spectrum, lemuel_elevator
Zot:4:    layout_misc_corridors, nicolae_transporter_intersection
Zot:5:    layout_twisted_circle

Skill      XL: |  1  2  3  4  5  6  7  8  9 10 11 12 13 14 15 16 17 18 19 20 21 22 23 24 25 |
---------------+----------------------------------------------------------------------------+-----
Axes           | 3 4 5 6 7 9 11 14 16 18 | 18.0
Fighting       | 4 5 6 7 8 10 11 13 14 15 16 17 18 19 20 21 22 23 24 25 26 | 26.8
Armour         | 4 7 10 11 13 14 15 16 17 18 20 21 22 23 24 | 24.8
Shields        | 4 7 10 11 13 14 15 16 17 19 20 21 22 23 24 | 24.8
Invocations    | 2 5 7 9 11 12 13 14 15 16 17 18 20 21 | 21.0
Dodging        | 4 7 9 |  9.6
Throwing       | 3 5 11 13 14 15 16 17 18 19 | 19.9

Action                   |  1- 3 |  4- 6 |  7- 9 | 10-12 | 13-15 | 16-18 | 19-21 | 22-24 | 25-27 || total
-------------------------+-------+-------+-------+-------+-------+-------+-------+-------+-------++-------
Melee: War axe           |    44 |   110 |   214 |   373 |   719 |       |       |       |       ||  1460
       Headbutt          |     3 |    18 |    37 |   102 |   248 |   375 |   560 |   673 |   302 ||  2318
       Broad axe         |       |       |       |       |   194 |  1279 |  1501 |  1705 |   772 ||  5451
Throw: Stone             |     3 |     8 |       |       |       |       |       |       |       ||    11
       Javelin           |       |       |       |       |       |       |    33 |     9 |     5 ||    47
       Throwing net      |       |       |       |       |       |       |     3 |       |       ||     3
Invok: Divine Shield     |       |       |       |     1 |       |       |       |       |       ||     1
       Summon Divine War |       |       |       |       |     2 |     4 |       |     4 |       ||    10
       Cleansing Flame   |       |       |       |       |     3 |     1 |       |     2 |       ||     6
       Brand Weapon With |       |       |       |       |       |     1 |       |       |       ||     1
Evoke: Wand              |       |     3 |     3 |       |    10 |     1 |       |       |     1 ||    18
       Phantom mirror    |       |       |       |       |     1 |     1 |     1 |     1 |       ||     4
  Use: Potion            |     1 |       |     5 |     3 |     6 |     4 |     2 |     2 |     2 ||    25
       Scroll            |       |    11 |     2 |    13 |     5 |    10 |     4 |    18 |     5 ||    68
Armor: Chain mail        |    22 |       |       |       |       |       |       |       |       ||    22
       Scale mail        |     5 |    47 |   137 |   160 |   258 |       |       |       |       ||   607
       Plate armour      |       |       |       |       |   284 |   824 |   142 |       |       ||  1250
       Shadow dragon sca |       |       |       |       |       |       |   507 |   569 |       ||  1076
       Gold dragon scale |       |       |       |       |       |       |       |    67 |   377 ||   444
Dodge: Dodged            |    21 |    62 |    78 |   113 |   331 |   555 |   387 |   358 |   167 ||  2072
Block: Buckler           |     9 |    21 |    45 |    57 |    81 |       |       |       |       ||   213
       Kite shield       |       |       |       |    34 |   554 |  1043 |   833 |  1372 |   606 ||  4442
       Tower shield      |       |       |       |       |       |       |    20 |       |       ||    20
       Reflection        |       |       |       |       |       |       |       |    82 |    14 ||    96

Table legend: (Time is in decaauts)
 A = Elapsed time spent in this place.
 B = Non-inter-level travel time spent in this place.
 C = Inter-level travel time spent in this place.
 D = Time resting spent in this place.
 E = Time spent auto-exploring this place.
 F = Levels seen in this place.
 G = Mean time per level.
                   A        B        C        D        E       F      G
               +--------+--------+--------+--------+--------+-----+--------+
         Total |  51512 |  46896 |   4616 |   3524 |  29829 |  52 |  990.6 |
       Dungeon |  14279 |  12241 |   2038 |    345 |   9468 |  15 |  951.9 |
        Temple |     12 |     12 |      0 |      0 |      0 |   1 |   12.0 |
          Lair |   4673 |   4247 |    426 |    189 |   2844 |   5 |  934.6 |
        Shoals |   4948 |   4721 |    227 |    612 |   2414 |   4 | 1237.0 |
   Spider Nest |   4501 |   4226 |    275 |   1281 |   1947 |   4 | 1125.2 |
  Orcish Mines |   1545 |   1447 |     98 |    274 |    666 |   2 |  772.5 |
   Elven Halls |   3303 |   3197 |    106 |    393 |   1787 |   3 | 1101.0 |
        Vaults |   6721 |   6155 |    566 |     77 |   4029 |   5 | 1344.2 |
         Crypt |   2830 |   2641 |    189 |      0 |   1836 |   3 |  943.3 |
        Depths |   4234 |   3726 |    508 |     95 |   2297 |   4 | 1058.5 |
           Zot |   3710 |   3529 |    181 |    258 |   2174 |   5 |  742.0 |
    Desolation |    752 |    752 |      0 |      0 |    366 |   1 |  752.0 |
               +--------+--------+--------+--------+--------+-----+--------+

Top non-repeatable levels by time:
Spider:4: 1617 daAuts
Spider:2: 1600 daAuts
Vaults:5: 1563 daAuts
   Zot:1: 1536 daAuts
Vaults:2: 1441 daAuts
Shoals:4: 1372 daAuts
Shoals:1: 1365 daAuts
     D:8: 1353 daAuts
    D:14: 1336 daAuts
Depths:4: 1329 daAuts
Vaults:1: 1326 daAuts
   Elf:2: 1250 daAuts
Vaults:3: 1210 daAuts
     D:4: 1191 daAuts
    D:15: 1182 daAuts
